 Dungeon Crawl Stone Soup version 0.18.1-48-g4cf74bf (webtiles) character file.

1906 Jerry the Spear-Bearer (level 8, -2/60 HPs)
             Began as a Demigod Gladiator on Aug 5, 2016.
             Slain by Duvessa
             ... wielding a +0 short sword
              (10 damage)
             ... on level 7 of the Dungeon.
             The game lasted 00:27:02 (6407 turns).

Jerry the Spear-Bearer (Demigod Gladiator)          Turns: 6407, Time: 00:27:03

Health: -2/60      AC: 11    Str: 20    XL:     8   Next: 62%
Magic:  10/10      EV: 12    Int: 14    God:
Gold:   326        SH:  0    Dex: 16    Spells: 0 memorised, 7 levels left

rFire  . . .     SeeInvis .     n - +1 scythe (vamp)
rCold  . . .     Gourm    .     m - +0 ring mail
rNeg   + . .     Faith    .     (shield currently unavailable)
rPois  .         Spirit   .     c - +0 helmet
rElec  .         Dismiss  .     s - +1 cloak
rCorr  .         Reflect  .     (no gloves)
SustAt +         Harm     .     y - +0 pair of boots
MR     .....     Clarity  +     (no amulet)
Stlth  ..........               D - ring of loudness (curse)
                                e - ring of positive energy

@: not resistant to hostile enchantments, extremely unstealthy
A: clarity, high mp 1, slow regeneration 1, subdued magic 1, sustain attributes
a: no special abilities


You were on level 7 of the Dungeon.
You were not hungry.

You visited 2 branches of the dungeon, and saw 8 of its levels.

You collected 326 gold pieces.

Inventory:

Hand Weapons
 n - a +1 vampiric scythe (weapon)
Missiles
 d - 3 throwing nets (quivered)
 j - 8 bolts
Armour
 c - a +0 helmet (worn)
 m - a +0 ring mail (worn)
 s - a +1 cloak (worn)
 y - a +0 pair of boots (worn)
Jewellery
 e - a ring of positive energy (left hand)
 D - a cursed ring of loudness (right hand)
Wands
 p - a wand of iceblast (14/15)
 r - a wand of teleportation (6/9)
Scrolls
 o - 3 scrolls of magic mapping
 w - 2 scrolls of identify
 B - a scroll of fog
Potions
 b - 2 potions of haste {unknown}
 k - a potion of invisibility {unknown}
 l - 4 potions of heal wounds {unknown}
 q - 2 potions of might
 x - a potion of curing {unknown}
 E - a potion of cure mutation {unknown}
Comestibles
 a - 3 chunks of flesh
 f - 3 bread rations
 g - 4 meat rations


   Skills:
 - Level 1.7 Fighting
   Level 4.6 Long Blades
 + Level 8.0 Polearms
 - Level 1.7 Throwing
 - Level 5.6 Armour
 - Level 2.6 Dodging


You had 7 spell levels left.
You didn't know any spells.

Dungeon Overview and Level Annotations

Branches:
Dungeon (7/15)             Temple (1/1) D:5

Annotations:
D:7 Dowan, Duvessa


Innate Abilities, Weirdness & Mutations

You have an increased reservoir of magic (+10% MP).
Your attributes are resistant to harm.
You possess an exceptional clarity of mind.
You regenerate slowly when monsters are visible.
Your spells are a little easier to cast, but a little less powerful.


Message History

You closely miss Duvessa.
Duvessa is severely wounded.
Duvessa hits you with a short sword. Duvessa hits you but does no damage.
You hit Duvessa.
Duvessa is almost dead.
Duvessa hits you with a short sword!
* * * LOW HITPOINT WARNING * * *
You are too injured to fight recklessly!
You are too injured to fight recklessly!
You are too injured to fight recklessly!
You hit Duvessa.
You feel better.
Duvessa is almost dead.
Duvessa misses you. Duvessa hits you with a short sword.
* * * LOW HITPOINT WARNING * * *
You hit Duvessa.
You feel better.
Duvessa is almost dead.
Duvessa hits you with a short sword!
* * * LOW HITPOINT WARNING * * *
Duvessa hits you with a short sword!
You die...

....# ###....#
##......# ##.......#
.# #........# ...#
##...†....# #...##
###.........#
#...###ee..........#
#.<.@###...........
#..### ###....#####
#..# ###### #..##
#.. #.# .. #..


You could see Duvessa and Dowan.

Vanquished Creatures
  Grinder (D:6)
  Sigmund (D:3)
  Menkaure (D:5)
  A black bear (D:6)
  An ogre (D:5)
  2 phantoms
  A centaur (D:3)
  2 giant frogs (D:6)
  2 scorpions
  3 wights (D:6)
  2 howler monkeys (D:4)
  A giant frog zombie (D:6)
  4 hounds
  A giant frog skeleton (D:6)
  An orc wizard (D:6)
  Jessica (D:3)
  A centaur skeleton (D:4)
  4 worker ants
  A hound skeleton (D:4)
  A howler monkey zombie (D:6)
  Robin (D:3)
  4 gnolls (D:6)
  A worker ant zombie (D:6)
  3 adders
  2 shadow imps (D:5)
  An adder zombie (D:6)
  2 worms
  A dart slug (D:1)
  4 giant geckos
  10 orcs
  10 bats
  6 giant cockroaches
  12 goblins
  6 hobgoblins
  10 jackals
  4 quokkas
  3 ball pythons
  4 giant newts
  5 kobolds (D:1)
  A quokka zombie (D:5)
  7 rats
129 creatures vanquished.

Notes
Turn   | Place    | Note
--------------------------------------------------------------
     0 | D:1      | Jerry the Demigod Gladiator began the quest for the Orb.
     0 | D:1      | Reached XP level 1. HP: 17/17 MP: 3/3
   142 | D:1      | Reached skill level 1 in Armour
   305 | D:1      | Reached XP level 2. HP: 24/24 MP: 4/4
   883 | D:2      | Found a deep blue altar of Sif Muna.
   982 | D:2      | Gained mutation: You possess an exceptional clarity of mind. [potion of mutation]
   982 | D:2      | Gained mutation: You regenerate slowly when monsters are visible. [potion of mutation]
   982 | D:2      | Gained mutation: Your spells are a little easier to cast, but a little less powerful. [potion of mutation]
   999 | D:2      | Reached XP level 3. HP: 14/29 MP: 5/5
  1015 | D:2      | Found a shimmering altar of Xom.
  1015 | D:2      | Found a stormy altar of Qazlal.
  1016 | D:2      | Noticed an angel
  1170 | D:2      | Found a glowing silver altar of Zin.
  1231 | D:2      | Found a white marble altar of Elyvilon.
  1467 | D:2      | Found a basalt altar of Yredelemnul.
  1669 | D:3      | Noticed Jessica
  1671 | D:3      | Killed Jessica
  1751 | D:3      | Reached XP level 4. HP: 36/36 MP: 6/6
  1771 | D:3      | Noticed Robin
  1973 | D:3      | Found a glowing golden altar of the Shining One.
  2008 | D:3      | Noticed Sigmund
  2015 | D:3      | Killed Sigmund
  2015 | D:3      | Reached XP level 5. HP: 33/41 MP: 7/7
  2119 | D:3      | Killed Robin
  2510 | D:3      | Noticed a centaur
  2516 | D:3      | Killed a centaur
  2516 | D:3      | Reached skill level 1 in Polearms
  2516 | D:3      | Reached XP level 6. HP: 28/48 MP: 8/8
  2825 | D:4      | Reached skill level 2 in Polearms
  3059 | D:4      | Found an opulent altar of Gozag.
  3117 | D:4      | Reached skill level 3 in Polearms
  3141 | D:4      | Reached XP level 7. HP: 53/53 MP: 9/9
  3354 | D:5      | Entered Level 5 of the Dungeon
  3386 | D:5      | Reached skill level 5 in Armour
  3387 | D:5      | Found a blossoming altar of Fedhas.
  3815 | D:5      | Found a shattered altar of Ashenzari.
  3930 | D:5      | Found a staircase to the Ecumenical Temple.
  3943 | Temple   | Entered the Ecumenical Temple
  4098 | D:5      | Noticed Menkaure
  4103 | D:5      | Killed Menkaure
  4145 | D:5      | Reached skill level 4 in Polearms
  4626 | D:6      | Noticed Grinder
  4632 | D:6      | Killed Grinder
  4632 | D:6      | Reached skill level 5 in Polearms
  4632 | D:6      | Reached XP level 8. HP: 60/60 MP: 10/10
  5012 | D:6      | Reached skill level 6 in Polearms
  5616 | D:6      | Reached skill level 7 in Polearms
  6301 | D:6      | Reached skill level 8 in Polearms
  6385 | D:7      | Noticed Duvessa
  6399 | D:7      | Noticed Dowan
  6407 | D:7      | Slain by Duvessa

Skill      XL: |  1  2  3  4  5  6  7  8 |
---------------+-------------------------+-----
Armour         | 1 2 3 4 5 |  5.6
Long Blades    | 3 4 |  4.6
Polearms       | 1 3 5 8 |  8.0
Fighting       | |  1.7
Throwing       | |  1.7
Dodging        | |  2.6

Action                   |  1- 3 |  4- 6 |  7- 9 || total
-------------------------+-------+-------+-------++-------
Melee: Long sword        |    99 |     6 |     6 ||   111
       Scythe            |       |       |    31 ||    31
 Fire: Hand crossbow     |     5 |   131 |   188 ||   324
Evoke: Wand              |     1 |       |       ||     1
  Use: Scroll            |     6 |     2 |     6 ||    14
       Potion            |     1 |       |       ||     1
 Stab: Sleeping          |     4 |       |       ||     4
  Eat: Chunk             |     3 |     4 |     6 ||    13
       Beef jerky        |       |       |     1 ||     1
       Bread ration      |       |       |     1 ||     1
       Royal jelly       |       |       |     1 ||     1
       Pizza             |       |       |     1 ||     1
Armor: Leather armour    |    18 |       |       ||    18
       Ring mail         |    20 |    37 |    51 ||   108
Dodge: Dodged            |    77 |    64 |    98 ||   239
